Penguins vs Flames

Created - October 21, 2019 at 19:23

Goals
1 2 3 T
Penguins 0 1 1 2
Flames 2 2 0 4
Shots
1 2 3 T
Penguins 10 19 10 39
Flames 17 11 7 35

1st period

1. Flames , Peter Prucha 1 (Brad Marchand 1, Patrik Berglund 1) at 15:53
2. Flames , David Backes 1 (Alexander Semin 1, Eric Staal 1) at 17:02 (PP)

Penalties :
Logan Couture (Pit) for Slashing (Minor) at 16:45

2nd period

3. Flames , David Backes 2 (Alexander Semin 2, Sami Vatanen 1) at 12:07 (PP)
4. Penguins , Riley Sheahan 1 (Josh Jooris 1, Logan Couture 1) at 14:53
5. Flames , Colin Wilson 1 (David Ullstrom 1, Jordin Tootoo 1) at 19:20

Penalties :
Brad Marchand (Cal) for Diving (Minor) at 4:59, Brad Marchand (Cal) for High sticking (Minor) at 8:40, Jacob Markstrom (Pit) for Delaying the game (Minor) at 11:37 - Teuvo Teravainen served the penalty, Eric Staal (Cal) for Hooking (Minor) at 12:31

3rd period

6. Penguins , Steven Stamkos 1 (Sean Zimmerman 1, Wayne Simmonds 1) at 12:37

Penalties :
Tim Ramholt (Cal) for High sticking (Minor) at 17:38

Goalie Stats

Jacob Markstrom (Pit), 31 saves from 35 shots - (0.886), L, 0-1-0, 60:00 minutes
Jonas Gustavsson (Cal), 37 saves from 39 shots - (0.949), W, 1-0-0, 60:00 minutes

Players Stats for Penguins

Player Name              G  A  P  +/- PIM S  H  SB GA TA FO     MP     PP MP  PK MP  
------------------------------------------------------------------------------------
Andrew Cogliano          0  0  0  -1  0   1  1  2  1  1  1/1    22:23   4:18   0:00 
Brady Skjei              0  0  0  -1  0   2  1  1  0  0  0/0    20:49   3:14   0:00 
Cal Clutterbuck          0  0  0   0  0   1  0  1  1  0  0/1    11:38   0:00   0:00 
Christian Ehrhoff        0  0  0   1  0   0  0  0  0  0  0/0    11:30   0:00   0:00 
David Booth              0  0  0   0  0   5  1  0  0  0  0/0    17:13   3:33   0:00 
Dustin Brown             0  0  0   0  0   3  3  0  0  0  0/0    17:10   3:33   0:00 
Eric Gryba               0  0  0  -1  0   2  0  2  1  1  0/0    20:49   3:14   0:00 
Josh Jooris              0  1  1   1  0   0  2  0  0  0  0/0     7:59   0:05   0:00 
Keith Aulie              0  0  0   0  0   1  3  2  2  2  0/0    27:41   4:42   0:47 
Logan Couture            0  1  1   0  2   2  1  0  0  1  1/4    11:53   0:00   0:00 
Marcus Foligno           0  0  0   0  0   2  0  0  1  0  1/1    11:48   0:05   0:00 
Riley Sheahan            1  0  1   1  0   2  1  0  0  1  1/2     7:49   0:00   0:00 
Roman Josi               0  0  0   1  0   0  0  0  1  1  0/0    11:30   0:00   0:00 
Ryan O'Reilly            0  0  0   0  0   5  3  0  2  0  5/13   17:06   3:33   0:00 
Sean Zimmerman           0  1  1   0  0   2  0  0  1  0  0/0    27:41   4:42   0:47 
Steven Stamkos           1  0  1  -1  0   4  1  0  1  0  13/33  23:20   4:23   0:47 
Teuvo Teravainen         0  0  0   1  0   1  1  1  0  0  0/0     7:49   0:00   0:00 
Wayne Simmonds           0  1  1  -1  0   6  2  1  1  1  0/3    23:04   4:18   0:47 

Players Stats for Flames

Player Name              G  A  P  +/- PIM S  H  SB GA TA FO     MP     PP MP  PK MP  
------------------------------------------------------------------------------------
Alexander Semin          0  2  2  -1  0   2  0  0  1  1  0/1    19:55   0:26   1:25 
Brad Marchand            0  1  1   0  4   3  2  0  0  1  0/1    16:38   0:21   1:24 
Brendan Mikkelson        0  0  0   0  0   2  0  1  0  0  0/0    15:51   0:05   3:14 
Colin Wilson             1  0  1   1  0   2  0  0  0  0  0/2     9:53   0:00   0:05 
David Backes             2  0  2  -1  0   3  0  0  1  0  2/3    21:11   0:26   2:47 
David Ullstrom           0  1  1   1  0   2  4  0  2  1  1/1    13:27   0:00   3:34 
Derek Meech              0  0  0   0  0   1  0  1  0  0  0/0    24:11   0:05   4:42 
Eric Staal               0  1  1  -2  2   5  2  1  2  2  19/28  21:39   0:26   2:52 
Erik Johnson             0  0  0  -1  0   2  0  1  0  1  0/0    23:45   0:42   3:14 
Jordin Tootoo            0  1  1   1  0   0  1  0  0  0  0/0     9:48   0:00   0:00 
Kyle Palmieri            0  0  0   0  0   1  2  0  0  0  0/0     9:04   0:21   0:00 
Mikhail Grabovski        0  0  0  -1  0   1  0  1  0  0  4/4    12:51   0:00   3:45 
Patrik Berglund          0  1  1   1  0   4  2  0  0  0  10/18  14:38   0:21   0:00 
Peter Prucha             1  0  1   1  0   3  4  0  0  1  0/0    14:14   0:00   0:00 
Sami Vatanen             0  1  1   0  0   1  0  1  2  0  0/0    20:03   0:42   0:00 
Steve Eminger            0  0  0   0  0   0  0  0  0  1  0/0    24:06   0:00   4:42 
Steve Regier             0  0  0   0  0   2  0  0  0  2  0/0     8:43   0:00   0:00 
Tim Ramholt              0  0  0   1  2   1  2  0  0  2  0/0    12:03   0:00   0:00 

3 Stars

1 - Jonas Gustavsson (Cal)
2 - Peter Prucha (Cal)
3 - David Backes (Cal)

Power Play

Penguins - 0 on 4 Attempt(s) - 0.00%
Flames - 2 on 2 Attempt(s) - 100.00%

Penalty Kill

Penguins - 0 on 2 Attempt(s) - 0.00% - Score 0 goal in Penalty Kill
Flames - 4 on 4 Attempt(s) - 100.00% - Score 0 goal in Penalty Kill

Team Stat

Penguins - Hits : 20 - Faceoff Wins : 22 - Blocked Shots : 10 - Penalty Minutes : 4
Flames - Hits : 19 - Faceoff Wins : 36 - Blocked Shots : 6 - Penalty Minutes : 8

Official

Referees : Unknown
Linesman : Unknown

Game Notes

No Game Note

Finance

Level 1 -- Attendance: 5499 (91.65%) -- Ticket Income $500,409
Level 2 -- Attendance: 4546 (90.92%) -- Ticket Income $259,122
Level 3 -- Attendance: 2000 (100.00%) -- Ticket Income $74,000
Level 4 -- Attendance: 3912 (97.80%) -- Ticket Income $105,624
Luxury Box -- Attendance: 941 (94.10%) -- Ticket Income $152,442
Game was played at the Metal Center.
Total Attendance: 16898 (93.88%)
Total Ticket Income: $1,091,597
Other Income: $163,740
Total Income: $1,255,337

Penguins

5 vs 5 Forward 
   Center                   Left Wing                Right Wing               Time % Phy DF OF 
 1 Steven Stamkos           Andrew Cogliano          Wayne Simmonds           40     1   1  3  
 2 Ryan O'Reilly            David Booth              Dustin Brown             30     1   1  3  
 3 Logan Couture            Marcus Foligno           Cal Clutterbuck          20     1   3  1  
 4 Riley Sheahan            Teuvo Teravainen         Josh Jooris              10     1   1  3  

5 vs 5 Defense 
   Defense                  Defense                                           Time % Phy DF OF 
 1 Keith Aulie              Sean Zimmerman                                    44     1   2  2  
 2 Eric Gryba               Brady Skjei                                       33     1   2  2  
 3 Roman Josi               Christian Ehrhoff                                 23     1   2  2  
 4 Keith Aulie              Sean Zimmerman                                    0      1   2  2  

PowerPlay Forward 
   Center                   Left Wing                Right Wing               Time % Phy DF OF 
 1 Steven Stamkos           Andrew Cogliano          Wayne Simmonds           60     0   1  4  
 2 Ryan O'Reilly            David Booth              Dustin Brown             40     0   1  4  

PowerPlay Defense
   Defense                  Defense                                           Time % Phy DF OF 
 1 Keith Aulie              Sean Zimmerman                                    60     1   1  3  
 2 Eric Gryba               Brady Skjei                                       40     1   1  3  

Penalty Kill 4 Players Forward 
   Center                   Wing                     Time % Phy DF OF 
 1 Steven Stamkos           Wayne Simmonds           60     1   3  1  
 2 Logan Couture            Cal Clutterbuck          40     1   3  1  

Penalty Kill 4 Players Defense
   Defense                  Defense                  Time % Phy DF OF 
 1 Keith Aulie              Sean Zimmerman           60     1   4  0  
 2 Eric Gryba               Brady Skjei              40     1   4  0  

Penalty Kill - 3 Players Forward 
   Forward                                           Time % Phy DF OF 
 1 Steven Stamkos                                    60     1   3  1  
 2 Logan Couture                                     40     1   3  1  

Penalty Kill - 3 Players Defense
   Defense                  Defense                  Time % Phy DF OF 
 1 Keith Aulie              Sean Zimmerman           60     1   4  0  
 2 Eric Gryba               Brady Skjei              40     1   4  0  

4 vs 4 Forward 
   Center                   Wing                     Time % Phy DF OF 
 1 Steven Stamkos           Andrew Cogliano          60     1   1  3  
 2 Ryan O'Reilly            Dustin Brown             40     1   1  3  

4 vs 4 Defense
   Defense                  Defense                  Time % Phy DF OF 
 1 Keith Aulie              Sean Zimmerman           60     1   2  2  
 2 Eric Gryba               Brady Skjei              40     1   2  2  

Last Minutes Offensive
   Center                   Left Wing                Right Wing               Defense                  Defense                  
   Steven Stamkos           Andrew Cogliano          Wayne Simmonds           Keith Aulie              Sean Zimmerman           

Last Minutes Defensive
   Center                   Left Wing                Right Wing               Defense                  Defense                  
   Steven Stamkos           Andrew Cogliano          Wayne Simmonds           Keith Aulie              Sean Zimmerman           

Goaltenders
Starting : Jacob Markstrom          
Backup : Sergei Bobrovsky         

Extra Forwards
Normal : Steven Stamkos, Ryan O'Reilly, Logan Couture - PP : Steven Stamkos, Ryan O'Reilly - PK : Logan Couture
Extra Defensemen
Normal : Sean Zimmerman, Eric Gryba, Christian Ehrhoff - PP : Keith Aulie - PK : Sean Zimmerman, Eric Gryba
Penalty Shots
Andrew Cogliano, Steven Stamkos, Wayne Simmonds, Ryan O'Reilly, David Booth

Scratches
Paul Ranger (Healthy), Riley Armstrong (Healthy)

Flames

5 vs 5 Forward 
   Center                   Left Wing                Right Wing               Time % Phy DF OF 
 1 Eric Staal               Alexander Semin          David Backes             40     2   2  1  
 2 Patrik Berglund          Brad Marchand            Peter Prucha             33     2   2  1  
 3 Colin Wilson             David Ullstrom           Jordin Tootoo            19     2   2  1  
 4 Mikhail Grabovski        Steve Regier             Kyle Palmieri            8      2   2  1  

5 vs 5 Defense 
   Defense                  Defense                                           Time % Phy DF OF 
 1 Erik Johnson             Sami Vatanen                                      38     2   2  1  
 2 Derek Meech              Steve Eminger                                     29     2   2  1  
 3 Brendan Mikkelson        Tim Ramholt                                       23     2   2  1  
 4 Derek Meech              Steve Eminger                                     10     2   2  1  

PowerPlay Forward 
   Center                   Left Wing                Right Wing               Time % Phy DF OF 
 1 Eric Staal               Alexander Semin          David Backes             60     1   0  4  
 2 Patrik Berglund          Brad Marchand            Kyle Palmieri            40     1   0  4  

PowerPlay Defense
   Defense                  Defense                                           Time % Phy DF OF 
 1 Erik Johnson             Sami Vatanen                                      60     1   1  3  
 2 Derek Meech              Brendan Mikkelson                                 40     1   1  3  

Penalty Kill 4 Players Forward 
   Center                   Wing                     Time % Phy DF OF 
 1 Mikhail Grabovski        Brad Marchand            50     1   4  0  
 2 Eric Staal               David Ullstrom           50     1   4  0  

Penalty Kill 4 Players Defense
   Defense                  Defense                  Time % Phy DF OF 
 1 Derek Meech              Steve Eminger            58     1   4  0  
 2 Erik Johnson             Brendan Mikkelson        42     1   4  0  

Penalty Kill - 3 Players Forward 
   Forward                                           Time % Phy DF OF 
 1 Eric Staal                                        50     1   4  0  
 2 Brad Marchand                                     50     1   4  0  

Penalty Kill - 3 Players Defense
   Defense                  Defense                  Time % Phy DF OF 
 1 Derek Meech              Steve Eminger            58     1   4  0  
 2 Erik Johnson             Brendan Mikkelson        42     1   4  0  

4 vs 4 Forward 
   Center                   Wing                     Time % Phy DF OF 
 1 Eric Staal               Alexander Semin          60     2   2  1  
 2 Patrik Berglund          David Backes             40     2   2  1  

4 vs 4 Defense
   Defense                  Defense                  Time % Phy DF OF 
 1 Erik Johnson             Sami Vatanen             60     2   2  1  
 2 Derek Meech              Steve Eminger            40     2   2  1  

Last Minutes Offensive
   Center                   Left Wing                Right Wing               Defense                  Defense                  
   Eric Staal               Alexander Semin          David Backes             Erik Johnson             Sami Vatanen             

Last Minutes Defensive
   Center                   Left Wing                Right Wing               Defense                  Defense                  
   Eric Staal               Alexander Semin          David Backes             Erik Johnson             Steve Eminger            

Goaltenders
Starting : Jonas Gustavsson         
Backup : Pekka Rinne              

Extra Forwards
Normal : Brad Marchand, David Ullstrom, Patrik Berglund - PP : Patrik Berglund, Colin Wilson - PK : David Backes
Extra Defensemen
Normal : Derek Meech, Steve Eminger, Brendan Mikkelson - PP : Derek Meech - PK : Erik Johnson, Brendan Mikkelson
Penalty Shots
Eric Staal, Alexander Semin, David Backes, Brad Marchand, Patrik Berglund

Scratches
None


% Time on Ice - Penguins

Lines # - Real PCT - Wanted PCT - Time Play
Normal Forward
1 - 36% - 40% - 18:17
2 - 26% - 30% - 13:33
3 - 23% - 20% - 11:38
4 - 15% - 10% - 7:49
Normal Defense
1 - 42% - 44% - 21:29
2 - 34% - 33% - 17:35
3 - 22% - 23% - 11:30
4 - 1% - 0% - 0:43
PP Forward
1 - 55% - 60% - 4:23
2 - 45% - 40% - 3:33
PP Defense
1 - 59% - 60% - 4:42
2 - 41% - 40% - 3:14
PK Forward
1 - 100% - 60% - 0:47
2 - 0% - 40% - 0:00
PK Defense
1 - 100% - 60% - 0:47
2 - 0% - 40% - 0:00
PK3 Forward
1 - 0% - 60%
2 - 0% - 40%
PK3 Defense
1 - 0% - 60%
2 - 0% - 40%
44 Forward
1 - 0% - 60%
2 - 0% - 40%
44 Defense
1 - 0% - 60%
2 - 0% - 40%
Last Minute Offensive  - 0:00
Last Minute Defensive  - 0:00
Total
Forward - 60:00
Defense - 60:00

% Time on Ice - Flames

Lines # - Real PCT - Wanted PCT - Time Play
Normal Forward
1 - 36% - 40% - 18:27
2 - 28% - 33% - 14:19
3 - 19% - 19% - 9:48
4 - 17% - 8% - 8:43
Normal Defense
1 - 38% - 38% - 19:28
2 - 30% - 29% - 15:38
3 - 24% - 23% - 12:04
4 - 8% - 10% - 4:07
PP Forward
1 - 55% - 60% - 0:26
2 - 45% - 40% - 0:21
PP Defense
1 - 89% - 60% - 0:42
2 - 11% - 40% - 0:05
PK Forward
1 - 46% - 50% - 3:41
2 - 54% - 50% - 4:15
PK Defense
1 - 59% - 58% - 4:42
2 - 41% - 42% - 3:14
PK3 Forward
1 - 0% - 50%
2 - 0% - 50%
PK3 Defense
1 - 0% - 58%
2 - 0% - 42%
44 Forward
1 - 0% - 60%
2 - 0% - 40%
44 Defense
1 - 0% - 60%
2 - 0% - 40%
Last Minute Offensive  - 0:00
Last Minute Defensive  - 0:00
Total
Forward - 60:00
Defense - 60:00

Play-by-Play

1st period


0:01 of 1st period - Eric Staal wins face-off versus Steven Stamkos in neutral zone.
0:34 of 1st period - Wrist shot by Patrik Berglund.
0:34 of 1st period - Stopped by Jacob Markstrom with a rebound.
0:36 of 1st period - Slapshot by Erik Johnson.
0:36 of 1st period - Stopped by Jacob Markstrom with a rebound.
1:07 of 1st period - Slapshot by Sean Zimmerman.
1:07 of 1st period - Shot Misses the Net.
1:15 of 1st period - Slapshot by Riley Sheahan.
1:15 of 1st period - Shot Blocked by Derek Meech.
1:17 of 1st period - Slapshot by Sean Zimmerman.
1:17 of 1st period - Shot Misses the Net.
1:19 of 1st period - Wrist shot by Teuvo Teravainen.
1:19 of 1st period - Stopped by Jonas Gustavsson without a rebound.
1:20 of 1st period - Eric Staal wins face-off versus Steven Stamkos in Flames zone.
1:47 of 1st period - Brendan Mikkelson is hit by Ryan O'Reilly.
1:51 of 1st period - Brady Skjei is hit by Patrik Berglund and loses puck.
2:08 of 1st period - Snap shot by Logan Couture.
2:08 of 1st period - Stopped by Jonas Gustavsson with a rebound.
3:08 of 1st period - Derek Meech is hit by Ryan O'Reilly.
3:37 of 1st period - Off-side.
3:38 of 1st period - Patrik Berglund wins face-off versus Wayne Simmonds in neutral zone.
4:05 of 1st period - Logan Couture is hit by Tim Ramholt and loses puck.
4:36 of 1st period - Snap shot by Mikhail Grabovski.
4:36 of 1st period - Shot Misses the Net.
5:46 of 1st period - Eric Gryba is hit by Peter Prucha.
5:52 of 1st period - Wrist shot by Brad Marchand.
5:52 of 1st period - Stopped by Jacob Markstrom without a rebound.
5:53 of 1st period - Steven Stamkos wins face-off versus Patrik Berglund in Penguins zone.
6:42 of 1st period - Josh Jooris is hit by Kyle Palmieri and loses puck.
7:38 of 1st period - Christian Ehrhoff is hit by David Ullstrom and loses puck.
8:07 of 1st period - Wrist shot by Patrik Berglund.
8:07 of 1st period - Deflect By Brad Marchand.
8:07 of 1st period - Stopped by Jacob Markstrom with a rebound.
8:11 of 1st period - Wrist shot by Patrik Berglund.
8:11 of 1st period - Shot Misses the Net.
8:52 of 1st period - Slapshot by Eric Staal.
8:52 of 1st period - Stopped by Jacob Markstrom with a rebound.
9:06 of 1st period - Backhand shot by David Booth.
9:06 of 1st period - Stopped by Jonas Gustavsson with a rebound.
9:30 of 1st period - Wrist shot by Brad Marchand.
9:30 of 1st period - Shot Blocked by Andrew Cogliano.
9:32 of 1st period - Wrist shot by Brendan Mikkelson.
9:32 of 1st period - Stopped by Jacob Markstrom with a rebound.
9:34 of 1st period - Slapshot by Tim Ramholt.
9:34 of 1st period - Shot Misses the Net.
9:36 of 1st period - Wrist shot by Brad Marchand.
9:36 of 1st period - Deflect By Peter Prucha.
9:36 of 1st period - Shot Blocked by Brady Skjei.
9:36 of 1st period - Puck is out of play.
9:37 of 1st period - Eric Staal wins face-off versus Ryan O'Reilly in Penguins zone.
9:47 of 1st period - Off-side.
9:48 of 1st period - Steven Stamkos wins face-off versus Eric Staal in neutral zone.
10:43 of 1st period - Slapshot by Marcus Foligno.
10:43 of 1st period - Stopped by Jonas Gustavsson without a rebound.
10:44 of 1st period - Eric Staal wins face-off versus Steven Stamkos in Flames zone.
10:44 of 1st period - Eric Staal is hit by Wayne Simmonds.
11:01 of 1st period - Off-side.
11:02 of 1st period - Patrik Berglund wins face-off versus Ryan O'Reilly in neutral zone.
11:35 of 1st period - Icing by David Backes.
11:36 of 1st period - Eric Staal wins face-off versus Wayne Simmonds in Flames zone.
12:29 of 1st period - Snap shot by Alexander Semin.
12:29 of 1st period - Shot Misses the Net.
12:31 of 1st period - Wrist shot by Alexander Semin.
12:31 of 1st period - Shot Blocked by Andrew Cogliano.
12:33 of 1st period - Snap shot by David Backes.
12:33 of 1st period - Deflect By Eric Staal.
12:33 of 1st period - Shot Misses the Net.
12:33 of 1st period - Puck is out of play.
12:34 of 1st period - Patrik Berglund wins face-off versus Ryan O'Reilly in Penguins zone.
12:37 of 1st period - Snap shot by Patrik Berglund.
12:37 of 1st period - Stopped by Jacob Markstrom with a rebound.
12:39 of 1st period - Wrist shot by Peter Prucha.
12:39 of 1st period - Stopped by Jacob Markstrom with a rebound.
12:41 of 1st period - Wrist shot by Sami Vatanen.
12:41 of 1st period - Stopped by Jacob Markstrom with a rebound.
12:47 of 1st period - Snap shot by Patrik Berglund.
12:47 of 1st period - Shot Hit the Post.
12:49 of 1st period - Snap shot by Patrik Berglund.
12:49 of 1st period - Stopped by Jacob Markstrom without a rebound.
12:50 of 1st period - David Ullstrom wins face-off versus Logan Couture in Penguins zone.
12:51 of 1st period - Snap shot by Erik Johnson.
12:51 of 1st period - Stopped by Jacob Markstrom with a rebound.
13:15 of 1st period - Peter Prucha is hit by David Booth and loses puck.
13:22 of 1st period - Slapshot by Dustin Brown.
13:22 of 1st period - Stopped by Jonas Gustavsson with a rebound.
13:24 of 1st period - Snap shot by David Booth.
13:24 of 1st period - Shot Blocked by Erik Johnson.
13:26 of 1st period - Backhand shot by Roman Josi.
13:26 of 1st period - Shot Misses the Net.
14:48 of 1st period - Snap shot by Steve Regier.
14:48 of 1st period - Stopped by Jacob Markstrom with a rebound.
14:50 of 1st period - Snap shot by Derek Meech.
14:50 of 1st period - Stopped by Jacob Markstrom without a rebound.
14:51 of 1st period - Mikhail Grabovski wins face-off versus Steven Stamkos in Penguins zone.
14:58 of 1st period - Wrist shot by Steve Regier.
14:58 of 1st period - Deflect By Mikhail Grabovski.
14:58 of 1st period - Shot Misses the Net.
14:58 of 1st period - Puck is out of play.
14:59 of 1st period - Steven Stamkos wins face-off versus Patrik Berglund in Penguins zone.
14:59 of 1st period - Steven Stamkos is hit by Peter Prucha.
15:23 of 1st period - Wrist shot by Steven Stamkos.
15:23 of 1st period - Deflect By Wayne Simmonds.
15:23 of 1st period - Stopped by Jonas Gustavsson with a rebound.
15:29 of 1st period - Snap shot by Wayne Simmonds.
15:29 of 1st period - Stopped by Jonas Gustavsson with a rebound.
15:41 of 1st period - Snap shot by Brad Marchand.
15:41 of 1st period - Shot Misses the Net.
15:43 of 1st period - Slapshot by Brendan Mikkelson.
15:43 of 1st period - Stopped by Jacob Markstrom with a rebound.
15:45 of 1st period - Snap shot by Patrik Berglund.
15:45 of 1st period - Stopped by Jacob Markstrom with a rebound.
15:47 of 1st period - Snap shot by Peter Prucha.
15:47 of 1st period - Shot Blocked by Eric Gryba.
15:49 of 1st period - Snap shot by Peter Prucha.
15:49 of 1st period - Shot Misses the Net.
15:51 of 1st period - Slapshot by Brad Marchand.
15:51 of 1st period - Shot Misses the Net.
15:53 of 1st period - Snap shot by Peter Prucha.
15:53 of 1st period - Goal by Peter Prucha - Penguins : 0 - Flames : 1.
15:54 of 1st period - Ryan O'Reilly wins face-off versus Eric Staal in neutral zone.
16:11 of 1st period - Snap shot by David Booth.
16:11 of 1st period - Stopped by Jonas Gustavsson without a rebound.
16:12 of 1st period - Marcus Foligno wins face-off versus Colin Wilson in Flames zone.
16:39 of 1st period - Keith Aulie is hit by Peter Prucha and loses puck.
16:45 of 1st period - Minor Penalty to Logan Couture for Slashing.
16:46 of 1st period - Steven Stamkos wins face-off versus Eric Staal in Penguins zone.
17:02 of 1st period - Wrist shot by David Backes.
17:02 of 1st period - Goal by David Backes - Penguins : 0 - Flames : 2.
17:03 of 1st period - Steven Stamkos wins face-off versus Eric Staal in neutral zone.
17:29 of 1st period - Keith Aulie is hit by Brad Marchand and loses puck.
18:04 of 1st period - Wrist shot by Jordin Tootoo.
18:04 of 1st period - Shot Blocked by Eric Gryba.
19:39 of 1st period - Alexander Semin is hit by Dustin Brown and loses puck.
19:44 of 1st period - Wrist shot by Dustin Brown.
19:44 of 1st period - Stopped by Jonas Gustavsson without a rebound.
19:45 of 1st period - Steven Stamkos wins face-off versus Patrik Berglund in Flames zone.
19:46 of 1st period - Wrist shot by Wayne Simmonds.
19:46 of 1st period - Shot Misses the Net.
19:48 of 1st period - Backhand shot by Eric Gryba.
19:48 of 1st period - Deflect By Brad Marchand.
19:48 of 1st period - Stopped by Jonas Gustavsson without a rebound.
19:49 of 1st period - Patrik Berglund wins face-off versus Steven Stamkos in Flames zone.
Goals for this period are 0 for Penguins vs 2 for Flames.
Shots for this period are 10 for Penguins vs 17 for Flames.

2nd period


0:01 of 2nd period - Eric Staal wins face-off versus Steven Stamkos in neutral zone.
0:15 of 2nd period - Snap shot by Alexander Semin.
0:15 of 2nd period - Stopped by Jacob Markstrom with a rebound.
0:17 of 2nd period - Wrist shot by David Backes.
0:17 of 2nd period - Shot Misses the Net.
1:10 of 2nd period - Steve Eminger is hit by Riley Sheahan and loses puck.
1:21 of 2nd period - Slapshot by Mikhail Grabovski.
1:21 of 2nd period - Stopped by Jacob Markstrom with a rebound.
1:35 of 2nd period - Wrist shot by Steven Stamkos.
1:35 of 2nd period - Stopped by Jonas Gustavsson with a rebound.
1:38 of 2nd period - Icing by David Backes.
1:39 of 2nd period - Eric Staal wins face-off versus Steven Stamkos in Flames zone.
1:52 of 2nd period - Slapshot by Sean Zimmerman.
1:52 of 2nd period - Stopped by Jonas Gustavsson without a rebound.
1:53 of 2nd period - Ryan O'Reilly wins face-off versus David Backes in Flames zone.
1:58 of 2nd period - Snap shot by Ryan O'Reilly.
1:58 of 2nd period - Stopped by Jonas Gustavsson with a rebound.
2:00 of 2nd period - Snap shot by David Booth.
2:00 of 2nd period - Shot Blocked by Eric Staal.
2:06 of 2nd period - Wrist shot by Dustin Brown.
2:06 of 2nd period - Stopped by Jonas Gustavsson with a rebound.
2:45 of 2nd period - Snap shot by Colin Wilson.
2:45 of 2nd period - Shot Misses the Net.
2:47 of 2nd period - Snap shot by Jordin Tootoo.
2:47 of 2nd period - Shot Blocked by Cal Clutterbuck.
3:01 of 2nd period - Mikhail Grabovski is hit by Teuvo Teravainen and loses puck.
3:27 of 2nd period - Slapshot by Ryan O'Reilly.
3:27 of 2nd period - Stopped by Jonas Gustavsson with a rebound.
3:31 of 2nd period - Snap shot by David Booth.
3:31 of 2nd period - Stopped by Jonas Gustavsson with a rebound.
3:33 of 2nd period - Snap shot by David Booth.
3:33 of 2nd period - Stopped by Jonas Gustavsson with a rebound.
3:35 of 2nd period - Backhand shot by Ryan O'Reilly.
3:35 of 2nd period - Stopped by Jonas Gustavsson with a rebound.
3:37 of 2nd period - Slapshot by Dustin Brown.
3:37 of 2nd period - Deflect By David Booth.
3:37 of 2nd period - Stopped by Jonas Gustavsson without a rebound.
3:38 of 2nd period - Steven Stamkos wins face-off versus Patrik Berglund in Flames zone.
4:03 of 2nd period - Eric Staal is hit by Keith Aulie.
4:04 of 2nd period - Icing by Eric Staal.
4:05 of 2nd period - Ryan O'Reilly wins face-off versus Eric Staal in Flames zone.
4:06 of 2nd period - Snap shot by Dustin Brown.
4:06 of 2nd period - Shot Misses the Net.
4:08 of 2nd period - Slapshot by Eric Gryba.
4:08 of 2nd period - Stopped by Jonas Gustavsson without a rebound.
4:09 of 2nd period - Eric Staal wins face-off versus Ryan O'Reilly in Flames zone.
4:32 of 2nd period - Slapshot by Ryan O'Reilly.
4:32 of 2nd period - Stopped by Jonas Gustavsson with a rebound.
4:34 of 2nd period - Wrist shot by Keith Aulie.
4:34 of 2nd period - Stopped by Jonas Gustavsson without a rebound.
4:35 of 2nd period - Patrik Berglund wins face-off versus Steven Stamkos in Flames zone.
4:35 of 2nd period - Patrik Berglund is hit by Keith Aulie.
4:43 of 2nd period - Snap shot by Peter Prucha.
4:43 of 2nd period - Stopped by Jacob Markstrom with a rebound.
4:59 of 2nd period - Minor Penalty to Brad Marchand for Diving.
5:00 of 2nd period - Mikhail Grabovski wins face-off versus Steven Stamkos in Flames zone.
5:15 of 2nd period - Snap shot by Sean Zimmerman.
5:15 of 2nd period - Deflect By Steve Eminger.
5:15 of 2nd period - Stopped by Jonas Gustavsson with a rebound.
6:59 of 2nd period - Penalty to Brad Marchand is over, Brad Marchand is back on ice.
7:10 of 2nd period - Logan Couture is hit by Peter Prucha and loses puck.
7:29 of 2nd period - Teuvo Teravainen is hit by David Ullstrom and loses puck.
8:16 of 2nd period - Icing by Eric Gryba.
8:17 of 2nd period - Riley Sheahan wins face-off versus Colin Wilson in Penguins zone.
8:40 of 2nd period - Minor Penalty to Brad Marchand for High sticking.
8:41 of 2nd period - Eric Staal wins face-off versus Steven Stamkos in Flames zone.
8:50 of 2nd period - David Backes is hit by Wayne Simmonds and loses puck.
9:14 of 2nd period - Wrist shot by Steven Stamkos.
9:14 of 2nd period - Stopped by Jonas Gustavsson without a rebound.
9:15 of 2nd period - Mikhail Grabovski wins face-off versus Ryan O'Reilly in Flames zone.
10:40 of 2nd period - Penalty to Brad Marchand is over, Brad Marchand is back on ice.
10:52 of 2nd period - Wrist shot by Patrik Berglund.
10:52 of 2nd period - Shot Misses the Net.
10:54 of 2nd period - Snap shot by Brad Marchand.
10:54 of 2nd period - Deflect By Peter Prucha.
10:54 of 2nd period - Shot Misses the Net.
10:54 of 2nd period - Puck is out of play.
10:55 of 2nd period - Patrik Berglund wins face-off versus Cal Clutterbuck in Penguins zone.
10:56 of 2nd period - Slapshot by Brad Marchand.
10:56 of 2nd period - Deflect By Patrik Berglund.
10:56 of 2nd period - Shot Misses the Net.
10:56 of 2nd period - Puck is out of play.
10:57 of 2nd period - Eric Staal wins face-off versus Logan Couture in Penguins zone.
11:22 of 2nd period - Erik Johnson is hit by Josh Jooris and loses puck.
11:35 of 2nd period - Snap shot by Eric Staal.
11:35 of 2nd period - Stopped by Jacob Markstrom with a rebound.
11:37 of 2nd period - Slapshot by Eric Staal.
11:37 of 2nd period - Stopped by Jacob Markstrom without a rebound.
11:37 of 2nd period - Minor Penalty to Jacob Markstrom for Delaying the game.
11:38 of 2nd period - Steven Stamkos wins face-off versus Patrik Berglund in Penguins zone.
11:38 of 2nd period - Steven Stamkos is hit by Kyle Palmieri.
12:07 of 2nd period - Snap shot by David Backes.
12:07 of 2nd period - Goal by David Backes - Penguins : 0 - Flames : 3.
12:08 of 2nd period - Eric Staal wins face-off versus Steven Stamkos in neutral zone.
12:31 of 2nd period - Minor Penalty to Eric Staal for Hooking.
12:32 of 2nd period - David Backes wins face-off versus Steven Stamkos in Flames zone.
13:55 of 2nd period - Icing by Wayne Simmonds.
13:56 of 2nd period - David Backes wins face-off versus Steven Stamkos in Penguins zone.
14:31 of 2nd period - Penalty to Eric Staal is over, Eric Staal is back on ice.
14:49 of 2nd period - Snap shot by Riley Sheahan.
14:49 of 2nd period - Stopped by Jonas Gustavsson with a rebound.
14:51 of 2nd period - Snap shot by Riley Sheahan.
14:51 of 2nd period - Shot Misses the Net.
14:53 of 2nd period - Snap shot by Riley Sheahan.
14:53 of 2nd period - Goal by Riley Sheahan - Penguins : 1 - Flames : 3.
14:54 of 2nd period - Steven Stamkos wins face-off versus Patrik Berglund in neutral zone.
15:03 of 2nd period - Snap shot by Steven Stamkos.
15:03 of 2nd period - Shot Misses the Net.
15:09 of 2nd period - Snap shot by Andrew Cogliano.
15:09 of 2nd period - Stopped by Jonas Gustavsson without a rebound.
15:10 of 2nd period - Ryan O'Reilly wins face-off versus Eric Staal in Flames zone.
15:31 of 2nd period - Alexander Semin is hit by Keith Aulie and loses puck.
15:46 of 2nd period - Slapshot by Wayne Simmonds.
15:46 of 2nd period - Shot Misses the Net.
16:14 of 2nd period - David Ullstrom is hit by Brady Skjei and loses puck.
17:05 of 2nd period - Eric Gryba is hit by Patrik Berglund and loses puck.
18:41 of 2nd period - Snap shot by David Backes.
18:41 of 2nd period - Stopped by Jacob Markstrom without a rebound.
18:42 of 2nd period - Patrik Berglund wins face-off versus Ryan O'Reilly in Penguins zone.
18:43 of 2nd period - Snap shot by Brad Marchand.
18:43 of 2nd period - Stopped by Jacob Markstrom with a rebound.
18:51 of 2nd period - Slapshot by Keith Aulie.
18:51 of 2nd period - Shot Blocked by Brendan Mikkelson.
19:07 of 2nd period - Steven Stamkos is hit by Tim Ramholt and loses puck.
19:16 of 2nd period - Wrist shot by David Ullstrom.
19:16 of 2nd period - Stopped by Jacob Markstrom with a rebound.
19:18 of 2nd period - Wrist shot by Colin Wilson.
19:18 of 2nd period - Stopped by Jacob Markstrom with a rebound.
19:20 of 2nd period - Wrist shot by Colin Wilson.
19:20 of 2nd period - Goal by Colin Wilson - Penguins : 1 - Flames : 4.
19:21 of 2nd period - Eric Staal wins face-off versus Steven Stamkos in neutral zone.
19:48 of 2nd period - Sami Vatanen is hit by Logan Couture and loses puck.
19:53 of 2nd period - Snap shot by Cal Clutterbuck.
19:53 of 2nd period - Stopped by Jonas Gustavsson without a rebound.
19:54 of 2nd period - Logan Couture wins face-off versus Brad Marchand in Flames zone.
19:55 of 2nd period - Snap shot by Marcus Foligno.
19:55 of 2nd period - Stopped by Jonas Gustavsson without a rebound.
19:56 of 2nd period - Patrik Berglund wins face-off versus Steven Stamkos in Flames zone.
Goals for this period are 1 for Penguins vs 2 for Flames.
Shots for this period are 19 for Penguins vs 11 for Flames.

3rd period


0:01 of 3rd period - Eric Staal wins face-off versus Steven Stamkos in neutral zone.
1:09 of 3rd period - Peter Prucha is hit by Dustin Brown and loses puck.
3:25 of 3rd period - Off-side.
3:26 of 3rd period - Eric Staal wins face-off versus Logan Couture in neutral zone.
3:38 of 3rd period - Slapshot by Cal Clutterbuck.
3:38 of 3rd period - Shot Misses the Net.
4:20 of 3rd period - Wrist shot by Alexander Semin.
4:20 of 3rd period - Deflect By Dustin Brown.
4:20 of 3rd period - Stopped by Jacob Markstrom without a rebound.
4:21 of 3rd period - Andrew Cogliano wins face-off versus Patrik Berglund in Penguins zone.
4:34 of 3rd period - Snap shot by Steven Stamkos.
4:34 of 3rd period - Shot Misses the Net.
5:15 of 3rd period - Snap shot by Kyle Palmieri.
5:15 of 3rd period - Shot Misses the Net.
5:21 of 3rd period - Snap shot by Kyle Palmieri.
5:21 of 3rd period - Stopped by Jacob Markstrom with a rebound.
5:59 of 3rd period - Tim Ramholt is hit by Steven Stamkos and loses puck.
6:14 of 3rd period - Mikhail Grabovski is hit by Ryan O'Reilly and loses puck.
6:46 of 3rd period - Icing by Teuvo Teravainen.
6:47 of 3rd period - Eric Staal wins face-off versus Riley Sheahan in Penguins zone.
6:58 of 3rd period - Snap shot by Eric Staal.
6:58 of 3rd period - Stopped by Jacob Markstrom without a rebound.
6:59 of 3rd period - Eric Staal wins face-off versus Steven Stamkos in Penguins zone.
7:09 of 3rd period - Slapshot by Wayne Simmonds.
7:09 of 3rd period - Stopped by Jonas Gustavsson without a rebound.
7:10 of 3rd period - Patrik Berglund wins face-off versus Steven Stamkos in Flames zone.
7:27 of 3rd period - Wrist shot by Steven Stamkos.
7:27 of 3rd period - Stopped by Jonas Gustavsson without a rebound.
7:28 of 3rd period - Ryan O'Reilly wins face-off versus Eric Staal in Flames zone.
8:00 of 3rd period - Snap shot by Brady Skjei.
8:00 of 3rd period - Deflect By Steven Stamkos.
8:00 of 3rd period - Shot Misses the Net.
8:00 of 3rd period - Puck is out of play.
8:01 of 3rd period - Steven Stamkos wins face-off versus Patrik Berglund in Flames zone.
8:27 of 3rd period - Eric Gryba is hit by Eric Staal.
8:51 of 3rd period - Wrist shot by David Ullstrom.
8:51 of 3rd period - Stopped by Jacob Markstrom with a rebound.
9:22 of 3rd period - Slapshot by Steven Stamkos.
9:22 of 3rd period - Deflect By Andrew Cogliano.
9:22 of 3rd period - Shot Misses the Net.
9:22 of 3rd period - Puck is out of play.
9:23 of 3rd period - Eric Staal wins face-off versus Ryan O'Reilly in Flames zone.
10:04 of 3rd period - Brendan Mikkelson is hit by Andrew Cogliano and loses puck.
10:20 of 3rd period - Cal Clutterbuck is hit by David Ullstrom and loses puck.
10:45 of 3rd period - Wrist shot by Cal Clutterbuck.
10:45 of 3rd period - Shot Misses the Net.
11:39 of 3rd period - Snap shot by Steve Regier.
11:39 of 3rd period - Stopped by Jacob Markstrom with a rebound.
11:57 of 3rd period - Slapshot by Brady Skjei.
11:57 of 3rd period - Stopped by Jonas Gustavsson with a rebound.
11:59 of 3rd period - Snap shot by Cal Clutterbuck.
11:59 of 3rd period - Shot Misses the Net.
12:01 of 3rd period - Slapshot by Eric Gryba.
12:01 of 3rd period - Shot Misses the Net.
12:03 of 3rd period - Wrist shot by Marcus Foligno.
12:03 of 3rd period - Shot Blocked by Mikhail Grabovski.
12:05 of 3rd period - Slapshot by Brady Skjei.
12:05 of 3rd period - Stopped by Jonas Gustavsson with a rebound.
12:07 of 3rd period - Slapshot by Marcus Foligno.
12:07 of 3rd period - Shot Misses the Net.
12:09 of 3rd period - Snap shot by Logan Couture.
12:09 of 3rd period - Stopped by Jonas Gustavsson without a rebound.
12:10 of 3rd period - Steven Stamkos wins face-off versus Eric Staal in Flames zone.
12:13 of 3rd period - Wrist shot by Steven Stamkos.
12:13 of 3rd period - Shot Blocked by Sami Vatanen.
12:15 of 3rd period - Slapshot by Wayne Simmonds.
12:15 of 3rd period - Stopped by Jonas Gustavsson with a rebound.
12:17 of 3rd period - Slapshot by Sean Zimmerman.
12:17 of 3rd period - Shot Misses the Net.
12:19 of 3rd period - Snap shot by Wayne Simmonds.
12:19 of 3rd period - Stopped by Jonas Gustavsson with a rebound.
12:21 of 3rd period - Snap shot by Wayne Simmonds.
12:21 of 3rd period - Stopped by Jonas Gustavsson without a rebound.
12:22 of 3rd period - Steven Stamkos wins face-off versus Alexander Semin in Flames zone.
12:35 of 3rd period - Wrist shot by Wayne Simmonds.
12:35 of 3rd period - Shot Misses the Net.
12:37 of 3rd period - Slapshot by Sean Zimmerman.
12:37 of 3rd period - Deflect By Steven Stamkos.
12:37 of 3rd period - Goal by Steven Stamkos - Penguins : 2 - Flames : 4.
12:38 of 3rd period - Steven Stamkos wins face-off versus Eric Staal in neutral zone.
13:05 of 3rd period - Peter Prucha is hit by Dustin Brown and loses puck.
13:12 of 3rd period - Slapshot by Derek Meech.
13:12 of 3rd period - Shot Misses the Net.
13:31 of 3rd period - Jordin Tootoo is hit by Josh Jooris and loses puck.
14:32 of 3rd period - Snap shot by Brad Marchand.
14:32 of 3rd period - Shot Misses the Net.
14:34 of 3rd period - Wrist shot by Peter Prucha.
14:34 of 3rd period - Deflect By Teuvo Teravainen.
14:34 of 3rd period - Shot Blocked by Teuvo Teravainen.
14:34 of 3rd period - Puck is out of play.
14:35 of 3rd period - Eric Staal wins face-off versus Steven Stamkos in Penguins zone.
14:36 of 3rd period - Wrist shot by Alexander Semin.
14:36 of 3rd period - Shot Blocked by Wayne Simmonds.
14:38 of 3rd period - Snap shot by Tim Ramholt.
14:38 of 3rd period - Stopped by Jacob Markstrom with a rebound.
14:40 of 3rd period - Wrist shot by Eric Staal.
14:40 of 3rd period - Shot Misses the Net.
14:42 of 3rd period - Slapshot by David Backes.
14:42 of 3rd period - Shot Misses the Net.
14:44 of 3rd period - Snap shot by Eric Staal.
14:44 of 3rd period - Stopped by Jacob Markstrom with a rebound.
14:46 of 3rd period - Slapshot by Brendan Mikkelson.
14:46 of 3rd period - Shot Misses the Net.
14:48 of 3rd period - Wrist shot by David Backes.
14:48 of 3rd period - Shot Blocked by Keith Aulie.
14:50 of 3rd period - Backhand shot by David Backes.
14:50 of 3rd period - Shot Misses the Net.
14:52 of 3rd period - Snap shot by Alexander Semin.
14:52 of 3rd period - Shot Blocked by Keith Aulie.
15:03 of 3rd period - Off-side.
15:04 of 3rd period - Patrik Berglund wins face-off versus Ryan O'Reilly in neutral zone.
15:17 of 3rd period - Slapshot by Ryan O'Reilly.
15:17 of 3rd period - Stopped by Jonas Gustavsson with a rebound.
17:23 of 3rd period - Roman Josi is hit by Jordin Tootoo and loses puck.
17:38 of 3rd period - Minor Penalty to Tim Ramholt for High sticking.
17:39 of 3rd period - Mikhail Grabovski wins face-off versus Wayne Simmonds in Flames zone.
18:22 of 3rd period - Keith Aulie is hit by Eric Staal.
18:26 of 3rd period - Sean Zimmerman is hit by David Ullstrom and loses puck.
19:19 of 3rd period - Dustin Brown is hit by Brad Marchand.
19:34 of 3rd period - Icing by Brady Skjei.
19:35 of 3rd period - Eric Staal wins face-off versus Steven Stamkos in Penguins zone.
19:38 of 3rd period - Penalty to Tim Ramholt is over, Tim Ramholt is back on ice.
Goals for this period are 1 for Penguins vs 0 for Flames.
Shots for this period are 10 for Penguins vs 7 for Flames.